 Dungeon Crawl Stone Soup version 0.17-a0-1181-gabc46e6 (webtiles) character file.

139 Hanyuu the Insei (level 5, 0/33 HPs)
             Began as an Octopode Transmuter on May 31, 2015.
             Succumbed to an adder's poison
             ... on level 3 of the Dungeon.
             The game lasted 00:04:44 (2362 turns).

Hanyuu the Insei (Octopode Transmuter)              Turns: 2362, Time: 00:04:45

Health: 0/33       AC:  1    Str: 14    XL:     5   Next: 22%
Magic:  16/17      EV: 12    Int: 16    God:
Gold:   130        SH:  0    Dex: 13    Spells: 3 memorised, 2 levels left

rFire  . . .     SeeInvis .       - Unarmed
rCold  . . .     Clarity  .     (no shield)
rNeg   . . .     SustAt   .     (helmet restricted)
rPois  .         Gourm    .     (no amulet)
rElec  .         Spirit   .     k - ring of magical power
rCorr  .         Warding  .     (no ring)
rMut   .         Stasis   .     (no ring)
MR     .....                    (no ring)
Stlth  ++........               (no ring)
                                (no ring)
                                (no ring)
                                (no ring)

@: mighty, lethally poisoned (0 -> -7), not resistant to hostile enchantments,
unstealthy
A: almost no armour, amphibious, 8 rings, constrict 8, camouflage 1, gelatinous
body 1
a: no special abilities


You were on level 3 of the Dungeon.
You were not hungry.

You visited 1 branch of the dungeon, and saw 3 of its levels.

You collected 130 gold pieces.

Inventory:

Missiles
 a - 12 arrows
 j - 2 tomahawks (quivered)
Jewellery
 k - a ring of magical power (left tentacle)
Scrolls
 d - a scroll of enchant armour {unknown}
 f - 2 scrolls of remove curse {unknown}
 h - a scroll of identify {unknown}
Potions
 e - a potion of might
Books
 b - a book of Changes

   Spells                             Type                      Level
   a - Beastly Appendage              Transmutation                1
   b - Sticks to Snakes               Transmutation                2
   c - Spider Form                    Transmutation/Poison         3
   d - Ice Form                       Ice/Transmutation            4
   e - Blade Hands                    Transmutation                5
 g - a book of Flames

   Spells                             Type                      Level
   a - Flame Tongue                   Conjuration/Fire             1
   b - Throw Flame                    Conjuration/Fire             2
   c - Conjure Flame                  Conjuration/Fire             3
   d - Inner Flame                    Hexes/Fire                   3
   e - Sticky Flame                   Conjuration/Fire             4
   f - Fireball                       Conjuration/Fire             5
Comestibles
 c - 3 bread rations
 i - 5 chunks of flesh


   Skills:
 - Level 1.0 Fighting
 - Level 2.0 Dodging
 + Level 5.6 Unarmed Combat
 - Level 2.0 Spellcasting
 - Level 2.0 Transmutations
 - Level 1.2 Poison Magic


You had 2 spell levels left.
You knew the following spells:

 Your Spells              Type           Power        Failure   Level  Hunger
a - Beastly Appendage     Trmt           #.....       10%         1    #......
b - Sticks to Snakes      Trmt           #.........   14%         2    ###....
c - Spider Form           Trmt/Pois      #.........   34%         3    ###....


Dungeon Overview and Level Annotations

Branches:
Dungeon (3/15)

Altars:
Gozag
Okawaru


Innate Abilities, Weirdness & Mutations

You cannot wear most types of armour.
You are amphibious.
You can wear up to eight rings at the same time.
You can use your tentacles to constrict eight enemies at once.
Your skin changes colour to match your surroundings (Stealth).
Your rubbery body absorbs attacks (AC +1).


Message History

You feel very mighty all of a sudden.
* * * LOW HITPOINT WARNING * * *
You feel sick.
There is a lethal amount of poison in your body!
Use which ability? (? or * to list)
You can't do that.
Use which ability? (? or * to list)
Your transformation has ended.
* * * LOW HITPOINT WARNING * * *
You feel sick.
* * * LOW HITPOINT WARNING * * *
You feel sick.
* * * LOW HITPOINT WARNING * * *
You feel sick.
Found a metallic emerald potion.
* * * LOW HITPOINT WARNING * * *
You feel sick.
* * * LOW HITPOINT WARNING * * *
You feel sick.
You die...

.. ..####
......######
.....!.....# .
#........@+ ..
#.........#
...###+#.....+
.....#.#.....#
#.........#
#.#..###+##
#<...#
#.)....#
##...###


There were no monsters in sight!

Vanquished Creatures
  Terence (D:2)
  5 adders
  2 oozes (D:2)
  2 giant geckos
  3 orcs
  5 giant cockroaches
  6 goblins
  2 hobgoblins (D:2)
  2 jackals (D:2)
  8 kobolds
  2 ball pythons
  13 bats
  4 giant newts
  3 rats
58 creatures vanquished.

Notes
Turn   | Place    | Note
--------------------------------------------------------------
     0 | D:1      | Hanyuu the Octopode Transmuter began the quest for the Orb.
     0 | D:1      | Reached XP level 1. HP: 13/13 MP: 3/3
   415 | D:1      | Reached XP level 2. HP: 18/18 MP: 5/5
   734 | D:2      | Noticed Terence
   742 | D:2      | Killed Terence
   742 | D:2      | Reached skill level 4 in Unarmed Combat
   742 | D:2      | Reached XP level 3. HP: 12/23 MP: 6/6
   746 | D:2      | Learned a level 2 spell: Sticks to Snakes
   750 | D:2      | Learned a level 3 spell: Spider Form
  1003 | D:2      | Found an opulent altar of Gozag.
  1006 | D:2      | Found an iron altar of Okawaru.
  1082 | D:2      | Reached skill level 1 in Poison Magic
  1082 | D:2      | Reached XP level 4. HP: 20/28 MP: 7/7
  1621 | D:2      | Reached skill level 5 in Unarmed Combat
  2237 | D:2      | Reached XP level 5. HP: 24/33 MP: 8/8
  2361 | D:3      | HP: 1/33 [poisoned by an adder]
  2362 | D:3      | Succumbed to an adder's poison

Vault maps used:
D:1:      sevenhm_arrival_forest_fort_large_4, serial_forest,
          infiniplex_forest_clump_curved, infiniplex_forest_lined_room_2,
          infiniplex_forest_zigzag_1, infiniplex_forest_straight_3,
          infiniplex_forest_clump_small, infiniplex_forest_lined_3
D:2:      wad_river_or_something, overflow_temple_1_default, first_bread,
          okawaru_ov_weapons_minmay, uniq_terence
D:3:      serial_undead, serial_undead_e, serial_undead_c, serial_undead_d,
          serial_undead_d, cheibriados_altar_1, uniq_grinder

Action                   |  1- 3 |  4- 6 || total
-------------------------+-------+-------++-------
Melee: Unarmed           |    64 |    76 ||   140
 Cast: Beastly Appendage |     2 |     1 ||     3
       Spider Form       |       |     2 ||     2
 Abil: End Transformatio |       |     1 ||     1
  Use: Potion            |       |     1 ||     1
 Stab: Sleeping          |     2 |     4 ||     6
  Eat: Chunk             |     1 |     4 ||     5
